 Dungeon Crawl Stone Soup version 0.26-a0-1038-gfb849e850a (webtiles) character file.

Game seed: 17666625202682346485

871 Morbidden the Conjurer (level 7, -1/51 HPs)
             Began as a Demonspawn Conjurer on Dec 11, 2020.
             Killed by nerve-wracking pain
             ... invoked by an orc priest
              (4 damage)
             ... on level 4 of the Dungeon.
             The game lasted 00:07:56 (5760 turns).

Morbidden the Conjurer (Demonspawn Conjurer)        Turns: 5760, Time: 00:07:58

Health: -1/51      AC:  8    Str:  8    XL:     7   Next: 73%
Magic:  5/14       EV: 17    Int: 21    God:
Gold:   236        SH:  0    Dex: 11    Spells: 12/15 levels left

rFire    . . .     SeeInvis .     - Unarmed
rCold    . . .     Faith    .   (no shield)
rNeg     . . .     Spirit   .   a - +0 robe
rPois    .         Reflect  .   (no helmet)
rElec    .         Harm     .   j - +0 cloak
rCorr    .         Rampage  .   (no gloves)
Will     .....                  m - +0 pair of boots
Stlth    ++........             (no amulet)
HPRegen  0.17/turn              (no ring)
MPRegen  0.14/turn              (no ring)

@: agile
A: claws 1, iridescent scales 2, powered by pain 1, rot immunity
a: no special abilities


You were on level 4 of the Dungeon.
You visited 1 branch of the dungeon, and saw 4 of its levels.

You collected 236 gold pieces.

Inventory:

Missiles
 c - 13 poisoned darts (quivered)
Armour
 a - a +0 robe (worn)
 j - a +0 cloak (worn)
 m - a +0 pair of boots (worn)
Wands
 q - a wand of disintegration (16)
Scrolls
 b - 3 scrolls of magic mapping {unknown}
 d - 11 scrolls of identify {unknown}
 i - 5 scrolls of remove curse {unknown}
 l - 3 scrolls of enchant weapon {unknown}
 n - a scroll of teleportation {unknown}
 p - 2 scrolls of enchant armour {unknown}
Potions
 e - 3 potions of brilliance {unknown}
 f - 4 potions of lignification
 g - 3 potions of mutation {unknown}
 h - 3 potions of heal wounds {unknown}
 k - a potion of flight {unknown}
 o - a potion of might {unknown}
 r - 2 potions of curing
 s - a potion of cancellation {unknown}


   Skills:
 * Level 2.9 Fighting
 + Level 1.3 Throwing
 + Level 2.6 Dodging
 + Level 2.5 Stealth
 + Level 1.2 Unarmed Combat
 * Level 4.9 Spellcasting
 * Level 6.4 Conjurations


You had 12 spell levels left.
You knew the following spells:

 Your Spells              Type           Power        Failure   Level
a - Magic Dart            Conj           ####         1%          1
b - Searing Ray           Conj           ####..       1%          2

Your spell library contained the following spells:

 Spells                   Type           Power        Failure   Level
 Dazzling Flash           Conj/Hex       ###...       9%          3
 Fulminant Prism          Conj/Hex       ###.......   28%         4
 Iskenderun's Mystic Bla  Conj/Tloc      ###.....     28%         4
 Confusing Touch          Hex            #.......     32%         3
 Gell's Gravitas          Tloc           #.........   32%         3
 Petrify                  Tmut/Erth      #.......     73%         4
 Metabolic Englaciation   Hex/Ice        #.........   97%         5
 Yara's Violent Unravell  Hex/Tmut       #.........   97%         5


Dungeon Overview and Level Annotations

Branches:
Dungeon (4/15)
 Temple: D:4-7

Altars:
Gozag


Innate Abilities, Weirdness & Mutations

You have sharp fingernails.
You are mostly covered in iridescent scales. (AC +4)
You sometimes gain a little power by taking damage.
You are immune to rotting.


Message History

The orc is severely wounded.
Something hits you but does no damage.
The orc priest hits you with a +0 short sword.
* * * LOW HITPOINT WARNING * * *
The searing ray hits the orc priest!
The orc priest is almost dead.
You finish channeling your searing ray.
You hear some strange, mumbled words.
A puff of flame appears from out of thin air!
The puff of flame misses you. The orc hits you but does no damage.
The orc throws a boomerang.
The boomerang misses you.
The weapon returns to the orc!
The orc priest misses you.
You hear some strange, mumbled words.
A puff of flame appears from out of thin air!
The puff of flame misses you. The orc misses you.
The orc throws a boomerang.
The boomerang hits you but does no damage.
The weapon returns to the orc!
The orc priest mumbles some strange prayers to Beogh against you.
Pain shoots through your body!
You die...

..# ##.....## #.#####
##...## #...).## #####
..###.[# #.####)##
....##.)###
...)....).#######
....#...........#######
....###....#...<@o....##
....# ####......{o###..###
....###..........o)).†....
....##..#############.....
...†÷..## ... ....#### .
..†.# ....# ....#


You could see an orc priest and 2 orcs.

Vanquished Creatures
  Sigmund (D:2)
  A phantom (D:4)
  An ogre (D:4)
  A scorpion (D:4)
  3 orc priests
  2 orc wizards (D:4)
  A hound (D:4)
  Jessica (D:2)
  2 worker ants (D:4)
  3 gnolls (D:4)
  8 adders
  An ooze (D:1)
  An adder skeleton (D:2)
  4 worms
  5 dart slugs
  3 leopard geckos
  17 orcs
  2 ball pythons (D:3)
  10 bats
  A bat skeleton (D:2)
  6 giant cockroaches
  7 goblins
  8 hobgoblins
  7 jackals
  2 kobolds
  3 quokkas
  5 frilled lizards
  A jackal skeleton (D:4)
  7 rats
114 creatures vanquished.

Vanquished Creatures (others)
  5 withered plants (D:2)
5 creatures vanquished.

Grand Total: 119 creatures vanquished

Notes
Turn   | Place    | Note
-------+----------+-------------------------------------------
     0 | D:1      | Morbidden the Demonspawn Conjurer began the quest for the
                  | Orb.
     0 | D:1      | Reached XP level 1. HP: 13/13 MP: 3/3
   252 | D:1      | Gained mutation: You are partially covered in iridescent
                  | scales. (AC +2) [demonic ancestry]
   252 | D:1      | Reached XP level 2. HP: 17/20 MP: 1/5
   423 | D:1      | Learned a level 2 spell: Searing Ray
   480 | D:1      | Reached skill level 1 in Fighting
  1211 | D:1      | Gained mutation: You sometimes gain a little power by
                  | taking damage. [demonic ancestry]
  1211 | D:1      | Reached XP level 3. HP: 26/26 MP: 3/6
  1484 | D:2      | Noticed Jessica
  1497 | D:2      | Killed Jessica
  1554 | D:2      | Found an opulent altar of Gozag.
  1729 | D:2      | Gained mutation: You are mostly covered in iridescent
                  | scales. (AC +4) [demonic ancestry]
  1729 | D:2      | Reached XP level 4. HP: 32/32 MP: 3/7
  2132 | D:2      | Noticed Sigmund
  2160 | D:2      | Killed Sigmund
  2161 | D:2      | Reached skill level 1 in Throwing
  2161 | D:2      | Reached skill level 5 in Conjurations
  2161 | D:2      | Gained mutation: You are immune to rotting. [demonic
                  | ancestry]
  2161 | D:2      | Reached XP level 5. HP: 20/38 MP: 0/9
  2741 | D:3      | Reached XP level 6. HP: 44/44 MP: 6/10
  4438 | D:4      | Reached skill level 1 in Unarmed Combat
  4438 | D:4      | Gained mutation: You have sharp fingernails. [demonic
                  | ancestry]
  4438 | D:4      | Reached XP level 7. HP: 51/51 MP: 4/13
  4910 | D:4      | Reached skill level 6 in Conjurations
  5758 | D:4      | HP: 2/51 [orc priest/+0 short sword (4)]
  5760 | D:4      | Killed from afar by an orc priest

Illustrated notes

Levels and vault maps discovered:
D:1:      wheals_arrival_linesprint, layout_basic
D:2:      layout_loops_ring, grunt_gozag_statues, serial_undead,
          serial_undead_a, serial_undead_e, serial_undead_b, serial_undead_d,
          minmay_pentomino_u4, uniq_jessica, uniq_sigmund
D:3:      layout_loops_corners, minmay_fractal_squares_gapless_5
D:4:      layout_rooms

Skill      XL: |  1  2  3  4  5  6  7 |
---------------+----------------------+-----
Fighting       | 1 2 |  2.9
Dodging        | 2 |  2.6
Throwing       | 1 |  1.3
Stealth        | 2 |  2.5
Spellcasting   | 3 4 |  4.9
Conjurations   | 5 6 |  6.4
Unarmed Combat | 1 |  1.2

Action                   |  1- 3 |  4- 6 |  7- 9 || total
-------------------------+-------+-------+-------++-------
Melee: Unarmed           |    18 |    50 |    33 ||   101
Throw: Dart              |    24 |     5 |       ||    29
 Cast: Magic Dart        |    45 |   113 |    65 ||   223
       Searing Ray       |     1 |     8 |    12 ||    21
  Use: Potion            |     1 |     1 |       ||     2
Armor: Robe              |    13 |    13 |    40 ||    66
       Skin              |       |     5 |       ||     5
Dodge: Dodged            |    31 |    47 |    59 ||   137

Table legend: (Time is in decaauts)
 A = Elapsed time spent in this place.
 B = Non-inter-level travel time spent in this place.
 C = Inter-level travel time spent in this place.
 D = Time resting spent in this place.
 E = Time spent auto-exploring this place.
 F = Levels seen in this place.
 G = Mean time per level.
                   A        B        C        D        E       F      G
               +--------+--------+--------+--------+--------+-----+--------+
         Total |   5759 |   5582 |    177 |    711 |   4127 |   4 | 1439.8 |
       Dungeon |   5759 |   5582 |    177 |    711 |   4127 |   4 | 1439.8 |
               +--------+--------+--------+--------+--------+-----+--------+

Top non-repeatable levels by time:
     D:3: 1753 daAuts
     D:1: 1461 daAuts
     D:4: 1279 daAuts
     D:2: 1265 daAuts
